Map: Port Aleksander LE

Players

lIlIlIlIIIll

  • Race: Protoss Protoss
  • League: Grandmaster
  • Spawn Location: 11:00

Lambo - Winner!

  • Race: Zerg Zerg
  • League: Grandmaster
  • Spawn Location: 5:00

VOD

Have the link to the VOD?

Description

Time

  • Played on: Jan. 10, 2019, 1:02 p.m.
  • Length: 14:52
Show
View Real Time Build Order
Export as new Build Order

lIlIlIlIIIll Protoss 

Build Orders: 1 Gate Expand, Oracle Opening 

Get SALT Encoding   

  12  0:00  Probe  
  13  0:12  Probe  
  14  0:20  Pylon  
  14  0:24  Probe  
  15  0:34  Probe  
  16  0:43  Probe  
  16  0:44  Gateway  
  17  0:50  Assimilator  
  17  0:51  Probe  
  18  1:00  Probe  
  19  1:08  Probe  
  20  1:26  Nexus  
  20  1:37  Cybernetics Core  
  20  1:41  Probe  
  21  1:47  Assimilator  
  21  1:53  Probe  
  22  1:58  Pylon  
  22  2:05  Probe  
  22  2:07  Adept  
  23  2:17  Probe  
  23  2:21  Stargate  
  26  2:28  Warp Gate  
  26  2:29  Probe  
  27  2:35  Adept  
  29  2:39  Probe  
  30  2:45  Probe  
  30  2:51  Probe  
  32  2:57  Probe, Stalker  
  33  3:01  Oracle  
  33  3:03  Probe  
  36  3:09  Probe  
  40  3:15  Probe  
  40  3:19  Pylon  
  41  3:21  Probe  
  42  3:27  Probe  
  42  3:31  Gateway  
  43  3:36  Probe  
  43  3:39  Probe  
  43  3:40  Oracle  
  48  3:47  Pylon  
  48  3:48  Probe  
  49  3:50  Assimilator  
  49  3:52  Assimilator  
  49  3:57  Probe  
  49  4:00  Probe  
  51  4:13  Probe x2  
  51  4:19  Stargate  
  51  4:25  Probe  
  51  4:27  Probe  
  51  4:29  Phoenix  
  55  4:31  Zealot  
  55  4:32  Zealot  
  55  4:37  Probe  
  60  4:39  Probe  
  60  4:43  Pylon  
  61  4:49  Nexus, Probe  
  62  4:57  Pylon  
  62  4:58  Phoenix  
  62  5:00  Phoenix  
  62  5:01  Probe  
  62  5:03  Shield Battery  
  67  5:12  Probe  
  67  5:14  Probe  
  69  5:18  Phoenix  
  69  5:21  Phoenix, Zealot x2  
  73  5:24  Probe  
  78  5:30  Pylon  
  78  5:35  Pylon  
  78  5:50  Phoenix x2  
  78  5:55  Robotics Facility  
  78  5:56  Robotics Facility, Probe  
  82  5:58  Probe  
  82  5:59  Probe  
  82  6:04  Pylon  
  85  6:06  Probe x2  
  85  6:07  Probe  
  85  6:09  Sentry x2  
  91  6:15  Probe  
  91  6:16  Probe  
  94  6:28  Probe x2  
  94  6:30  Assimilator  
  94  6:31  Assimilator  
  96  6:33  Probe  
  96  6:35  Immortal  
  96  6:38  Observer  
  97  6:40  Probe  
  97  6:42  Forge  
  97  6:44  Robotics Bay  
  103  6:47  Probe  
  103  6:48  Probe  
  103  6:53  Probe  
  106  6:54  Zealot x2  
  106  6:57  Pylon  
  106  6:59  Probe  
  111  7:02  Protoss Ground Weapons Level 1  
  111  7:07  Immortal  
  115  7:11  Immortal  
  115  7:12  Pylon  
  115  7:13  Pylon  
  119  7:25  Pylon  
  119  7:26  Gateway x2  
  119  7:30  Pylon  
  119  7:31  Colossus  
  119  7:36  Colossus  
  119  7:44  Extended Thermal Lance  
  131  7:58  Observer  
  131  7:59  Pylon  
  131  8:06  Twilight Council  
  131  8:09  Gateway  
  131  8:10  Gateway  
  131  8:12  Gateway  
  131  8:15  Gateway  
  131  8:28  Colossus x2  
  143  8:34  Charge  
  143  8:36  Nexus  
  143  8:39  Pylon  
  143  8:47  Protoss Air Weapons Level 1  
  143  8:48  Templar Archives  
  143  8:50  Void Ray  
  143  8:53  Void Ray  
  151  8:57  Protoss Ground Weapons Level 2, Pylon  
  151  8:58  Zealot  
  153  9:15  Psionic Storm  
  153  9:20  Photon Cannon  
  153  9:21  Photon Cannon  
  153  9:23  Probe x3  
  156  9:24  Shield Battery  
  156  9:28  High Templar x2  
  160  9:37  Photon Cannon  
  160  9:39  Photon Cannon  
  160  9:40  Shield Battery  
  160  9:47  High Templar x2  
  160  9:50  Void Ray  
  160  9:51  Assimilator  
  164  9:56  Assimilator  
  164  9:59  Void Ray  
  166  10:22  Blink  
  166  10:24  High Templar  
  166  10:25  High Templar  
  170  10:29  Archon  
  170  10:41  Warp Prism  
  172  10:45  High Templar x2  
  176  10:52  Gateway  
  176  10:54  Gateway  
  176  10:56  Gateway, Archon, High Templar x2  
  180  10:59  Gateway  
  180  11:01  Archon  
  180  11:24  High Templar x2  
  180  11:25  High Templar x2  
  188  11:28  Observer  
  188  11:31  Archon x2  
  188  11:36  Zealot x4  
  196  11:40  Protoss Ground Weapons Level 3  
  196  11:41  Pylon  
  196  11:42  Pylon  
  187  12:02  Observer  
  188  12:11  Void Ray x2  
  196  12:15  Stargate  
  196  12:16  Fleet Beacon  
  190  12:30  Stalker x5  
  200  12:45  Pylon  
  186  13:02  Tempest x2  
  182  13:12  Stalker x6  
  195  13:13  Stalker  
  173  13:42  Stalker x8  
  173  13:43  Stalker x4  
  141  14:06  Stalker x4  
  141  14:07  Stalker x2  
  141  14:08  Zealot x4  
  131  14:16  Zealot x2  
  120  14:27  Stalker x2  
  120  14:28  Stalker x2  
  128  14:32  Zealot x4  
  128  14:37  Nexus  
Show
View Real Time Build Order
Export as new Build Order

Lambo Zerg - Winner!

Build Orders: Hatch First, Brood Lord Corruptor 

Get SALT Encoding   

  12  0:00  Drone  
  13  0:12  Overlord  
  13  0:17  Drone  
  14  0:30  Drone x2  
  16  0:49  Hatchery  
  15  0:52  Drone  
  15  0:56  Drone  
  17  0:59  Drone  
  18  1:09  Extractor  
  17  1:15  Spawning Pool  
  17  1:18  Drone  
  17  1:21  Drone  
  18  1:28  Drone  
  20  1:40  Drone  
  20  1:53  Overlord  
  20  2:01  Queen x2  
  20  2:02  Zergling x4  
  26  2:12  Drone x2  
  26  2:15  Metabolic Boost  
  28  2:22  Drone x2  
  30  2:38  Hatchery  
  30  2:42  Drone  
  30  2:43  Drone  
  31  2:45  Drone  
  31  2:49  Overlord  
  32  2:58  Queen  
  32  3:00  Drone  
  32  3:04  Drone  
  35  3:10  Drone x3  
  38  3:13  Overlord  
  38  3:16  Drone  
  38  3:17  Drone  
  38  3:18  Drone  
  41  3:21  Drone  
  41  3:23  Drone  
  43  3:28  Zergling x2  
  44  3:35  Spore Crawler  
  44  3:36  Queen  
  44  3:40  Drone x2  
  47  3:45  Spore Crawler  
  47  3:46  Overlord  
  46  3:50  Drone x2  
  46  3:54  Drone  
  48  3:57  Spore Crawler, Zergling x2  
  48  4:01  Zergling x2  
  49  4:05  Spore Crawler, Drone x2  
  49  4:09  Drone  
  52  4:10  Drone x4  
  52  4:13  Drone x2  
  57  4:20  Drone  
  57  4:23  Overlord  
  57  4:26  Drone  
  57  4:28  Drone  
  57  4:31  Overlord  
  58  4:33  Roach Warren  
  58  4:35  Queen, Extractor  
  58  4:36  Extractor  
  57  4:40  Lair, Drone  
  57  4:45  Zergling x4  
  60  4:46  Zergling x2  
  60  4:48  Drone x4  
  60  4:50  Drone x2  
  67  4:53  Overlord  
  67  4:54  Drone  
  67  4:58  Drone  
  67  4:59  Drone  
  70  5:00  Drone x2  
  72  5:10  Drone x2  
  72  5:13  Drone  
  70  5:17  Drone x3  
  70  5:19  Drone x2  
  75  5:21  Evolution Chamber  
  75  5:22  Drone x2  
  75  5:23  Drone  
  75  5:24  Overlord  
  75  5:26  Drone  
  75  5:27  Drone  
  79  5:29  Drone  
  79  5:34  Extractor, Drone  
  79  5:35  Drone x2  
  82  5:36  Extractor  
  82  5:42  Spore Crawler  
  80  5:48  Drone x7  
  88  5:50  Extractor  
  88  5:51  Baneling Nest, Evolution Chamber  
  88  5:52  Hydralisk Den  
  88  5:54  Drone x2  
  88  5:55  Drone  
  87  6:00  Zerg Missile Weapons Level 1  
  87  6:02  Hatchery  
  87  6:03  Drone  
  87  6:04  Drone x2  
  89  6:13  Spore Crawler  
  89  6:15  Spore Crawler, Drone x4  
  89  6:18  Drone  
  89  6:23  Grooved Spines  
  87  6:30  Hydralisk  
  87  6:32  Overlord x3, Infestation Pit  
  88  6:33  Overlord  
  88  6:34  Centrifical Hooks  
  88  6:35  Zerg Melee Weapons Level 1  
  88  6:37  Overlord  
  88  6:39  Overlord  
  88  6:43  Overlord  
  88  6:45  Overlord  
  88  6:46  Overlord  
  88  6:49  Overlord  
  88  6:52  Hydralisk  
  88  6:53  Hydralisk x3  
  96  6:59  Hydralisk x3  
  97  7:04  Hydralisk x2  
  100  7:11  Drone x3  
  100  7:12  Drone x2  
  100  7:14  Hydralisk x2  
  109  7:22  Drone  
  110  7:25  Hive  
  110  7:26  Drone  
  110  7:27  Spire, Drone  
  110  7:28  Drone  
  112  7:31  Spore Crawler  
  112  7:32  Extractor  
  112  7:34  Extractor  
  112  7:35  Hydralisk x2  
  112  7:42  Drone x5  
  112  7:43  Drone x3  
  120  7:46  Drone x2  
  120  7:49  Overseer  
  120  7:50  Drone x2  
  120  7:51  Drone  
  124  8:00  Zerg Missile Weapons Level 2  
  124  8:03  Zergling x20  
  134  8:17  Overlord  
  134  8:21  Overlord  
  134  8:23  Overseer  
  134  8:31  Zergling x32  
  150  8:34  Queen x2  
  150  8:40  Overlord, Greater Spire  
  154  8:44  Overlord  
  154  8:46  Hatchery  
  153  8:50  Overlord, Zerg Melee Weapons Level 2  
  153  8:55  Overlord, Muscular Augments  
  153  9:10  Corruptor x7  
  153  9:11  Corruptor  
  168  9:17  Corruptor x2  
  168  9:22  Extractor  
  171  9:24  Baneling x9  
  171  9:27  Extractor  
  170  9:34  Corruptor x2  
  174  9:46  Corruptor  
  176  10:03  Brood Lord x6  
  176  10:04  Brood Lord  
  188  10:08  Overseer  
  188  10:11  Pneumatized Carapace  
  186  10:20  Brood Lord  
  188  10:22  Zerg Flyer Weapons Level 1  
  188  10:35  Zerg Ground Armor Level 1  
  188  10:47  Overlord x2  
  188  10:52  Overlord, Spine Crawler x2  
  188  10:53  Spine Crawler  
  188  10:55  Overseer  
  185  10:58  Spore Crawler  
  185  10:59  Spine Crawler  
  182  11:08  Brood Lord x3  
  182  11:09  Brood Lord x2  
  187  11:13  Corruptor x4  
  189  11:21  Queen  
  189  11:23  Drone x5  
  189  11:25  Drone x2, Corruptor  
  196  11:31  Drone x4  
  199  11:34  Overseer  
  199  11:40  Hatchery  
  194  12:11  Spore Crawler, Corruptor x4  
  194  12:13  Spore Crawler, Zerg Melee Weapons Level 3  
  194  12:14  Overlord x3  
  197  12:16  Spore Crawler  
  197  12:17  Spore Crawler x2  
  197  12:19  Overlord  
  191  12:31  Zerg Ground Armor Level 2  
  191  12:32  Spire  
  191  12:33  Adrenal Glands  
  190  12:42  Spore Crawler  
  190  12:43  Spore Crawler  
  190  12:44  Corruptor x5  
  196  12:57  Corruptor  
  186  12:59  Corruptor x2  
  194  13:14  Corruptor x2  
  198  13:23  Brood Lord  
  188  13:38  Zergling x36  
  185  13:42  Hydralisk  
  185  13:43  Hydralisk x3  
  175  13:55  Hydralisk x4  
  165  14:06  Viper x2  
  155  14:14  Drone x3  
  155  14:15  Drone  
  157  14:22  Brood Lord x3  
Tags
 
Add a new tag
Caveats
  • Supply blocks, unpowered buildings, or Contaminate may cause inaccurate times.
  • Supply counts are checked every 10 seconds.